 Dungeon Crawl Stone Soup version 0.27-a0-760-gc38aae387d (webtiles) character file.

Game seed: 14424316770638750769

15878 wakim the Thaumaturge (level 12, -17/85 HPs)
             Began as a Djinni Fire Elementalist on Mar 24, 2021.
             Was an Elder of Makhleb.
             Shot with an arrow by a centaur warrior (18 damage)
             ... on level 13 of the Dungeon.
             The game lasted 01:01:06 (18412 turns).

wakim the Thaumaturge (Djinni Fire Elementalist)   Turns: 18412, Time: 01:01:06

Health: -17/85     AC:  8    Str:  7    XL:     12   Next: 31%
Gold:   557        EV: 16    Int: 22    God:    Makhleb [****..] SH:  5 Dex: 17

rFire    + + .     SeeInvis .   a - +7 trident of Mytsyvy {vorpal, Will+ Dex+3}
rCold    . . .     Faith    .   u - +0 buckler
rNeg     + . .     Spirit   .   n - +1 leather armour {rN+}
rPois    ∞         Reflect  .   l - +1 helmet
rElec    .         Harm     .   r - +0 cloak
rCorr    .         Rampage  .   t - +0 pair of gloves
Will     +++..                  (boots unavailable)
Stlth    ++........             z - amulet of the acrobat
HPRegen  0.24/turn              c - ring of protection from cold
MPRegen  0.00/turn              p - ring of willpower

@: radiating poison, flying
A: fire resistance 2, cold vulnerability 1, float, innate caster, hp casting,
extra vitality 1
a: Renounce Religion, Minor Destruction, Lesser Servant of Makhleb, Major
Destruction


You were on level 13 of the Dungeon.
You worshipped Makhleb.
Makhleb was greatly pleased with you.
You visited 2 branches of the dungeon, and saw 14 of its levels.

You collected 557 gold pieces.

Inventory:

Hand Weapons
 a - the +7 trident of Mytsyvy (weapon) {vorpal, Will+ Dex+3}
   (You found it on level 8 of the Dungeon)

   It inflicts extra damage upon your enemies.
   It affects your dexterity (+3).
   It affects your willpower, your defense against some magical effects.
 b - a +1 fustibalus of freezing
Missiles
 f - 23 boomerangs
 k - 5 throwing nets
 m - 17 poisoned darts
 o - 3 javelins
 w - 26 sling bullets
Armour
 l - a +1 helmet (worn)
 n - a +1 leather armour of positive energy (worn)
 r - a +0 cloak (worn)
 t - a +0 pair of gloves (worn)
 u - a +0 buckler (worn)
Jewellery
 c - a ring of protection from cold (right hand)
 g - a +6 ring of intelligence
 p - a ring of willpower (left hand)
 q - a +4 ring of slaying
 v - a +4 ring of evasion
 x - a ring of willpower
 y - a +6 ring of dexterity
 z - an amulet of the acrobat (around neck)
 A - a ring of resist corrosion
Wands
 d - a wand of digging (2)
 e - a wand of charming (3)
 h - a wand of acid (11)
 i - a wand of iceblast (5)
 j - a wand of polymorph (3)
Scrolls
 s - 2 scrolls of enchant weapon
 F - a scroll of fog
 S - a scroll of summoning
 W - 2 scrolls of holy word
 Y - 4 scrolls of teleportation {@r3}
 Z - a scroll of identify {@r1}
Potions
 C - 2 potions of cancellation
 H - 2 potions of haste
 J - 4 potions of curing {@q1}
 M - 2 potions of might
 N - a potion of heal wounds {@q2}
 T - a potion of berserk rage
 U - a potion of mutation


   Skills:
 + Level 7.6 Fighting
 - Level 0.2 Slings
 + Level 2.2 Armour
 - Level 9.3 Dodging
 * Level 3.8 Stealth
 - Level 4.0 Shields
 * Level 11.7 Spellcasting
 - Level 6.0 Invocations


You had 5 spell levels left.
You knew the following spells:

 Your Spells              Type           Power      Damage    Failure   Level
a - Foxfire               Conj/Fire      100%       2x1d9     1%          1
b - Inner Flame           Hex/Fire       59%        N/A       1%          3
c - Conjure Flame         Conj/Fire      59%        6-21      1%          3
d - Corona                Hex            65%        N/A       1%          1
e - Manifold Assault      Tloc           59%        N/A       1%          4
r - Swiftness             Air            59%        N/A       1%          2
s - Sticky Flame          Conj/Fire      59%        2d7       1%          4
w - Olgreb's Toxic Radia  Pois           59%        N/A       1%          4
x - Fireball              Conj/Fire      29%        3d13      1%          5
B - Blink                 Tloc           N/A        N/A       1%          2
Your spell library was empty.

Dungeon Overview and Level Annotations

Branches:
Dungeon (13/15)            Temple (1/1) D:5            Lair (0/6) D:10
    Orc (0/2) D:12
 Vaults: D:13-14

Altars:
Ashenzari
Cheibriados
Dithmenos
Elyvilon
Fedhas
Gozag
Hepliaklqana
Kikubaaqudgha
Makhleb
Nemelex Xobeh
Okawaru
Ru
Sif Muna
Trog
Uskayaw
Vehumet
Wu Jian
Xom
Yredelemnul
Zin
The Shining One
Beogh

Annotations:
D:10 3 runed translucent doors, Gonzollydolly's ghost, journeyman KoDe


Innate Abilities, Weirdness & Mutations

You are immune to poison.
Your flesh is very heat resistant. (rF++)
You are vulnerable to cold. (rC-)
You float through the air rather than walking.
You learn spells naturally, not from books.
Your magical power is your life essence.
You have superior vitality. (+4 HP)


Message History

The centaur warrior shouts!
* * * LOW HITPOINT WARNING * * *
The centaur warrior wields a +0 shortbow.
The centaur warrior shoots an arrow.
Found a +0 shortbow.
Casting: Blink (safe; 1% risk of failure)
Confirm with . or Enter, or press ? or * to list all spells.
You blink.
* * * LOW HITPOINT WARNING * * *
The centaur warrior shoots an arrow.
The arrow hits the vampire mosquito!
The centaur warrior shoots an arrow.
Casting: Blink (safe; 1% risk of failure)
Confirm with . or Enter, or press ? or * to list all spells.
You blink.
* * * LOW HITPOINT WARNING * * *
The centaur warrior shoots an arrow. x2
There are monsters nearby!
Casting: Blink (safe; 1% risk of failure)
Confirm with . or Enter, or press ? or * to list all spells.
You blink.
* * * LOW HITPOINT WARNING * * *
The centaur warrior shoots an arrow.
The arrow hits you!
* * * LOW HITPOINT WARNING * * *
You feel much better.
The centaur warrior shoots an arrow.
The arrow hits you!
* * * LOW HITPOINT WARNING * * *
Casting: Blink (safe; 1% risk of failure)
Confirm with . or Enter, or press ? or * to list all spells.
You begin to radiate toxic energy.
The centaur warrior is poisoned.
* * * LOW HITPOINT WARNING * * *
The centaur warrior shoots an arrow.
The arrow hits you!!
* * * LOW HITPOINT WARNING * * *
Casting: Olgreb's Toxic Radiance (mildly dangerous; 1% risk of failure)
Confirm with . or Enter, or press ? or * to list all spells.
Aiming: Inner Flame (safe; 1% risk of failure)
Press: ? - help, Shift-Dir - straight line, f - centaur warrior, p - vampire mosquito
Aim: a centaur warrior, wielding a +0 shortbow and quivering arrows (lightly wounded, poisoned, chance to affect: 87%)
The vampire mosquito barely resists.
* * * LOW HITPOINT WARNING * * *
The centaur warrior shoots an arrow.
The arrow hits you!!
You die...

#..#######...
#..<....##...
#..##........
###+####..##........
#.....##.......##...
#..............##...
#...y.....##...##...
#).yyc##)§#######...
#..@..##..# ....
#.....##### #...
#...))# #....)).
#.....##. #.....# .#
#.....# # '.....#


You could see a centaur warrior (poisoned) and 3 vampire mosquitoes.

Vanquished Creatures
  Harold (D:9)
  A boulder beetle (D:11)
  A centaur warrior (D:13)
  3 two-headed ogres
  A cyclops (D:12)
  3 centaur zombies (D:10)
  The ghost of feelmyfire the Insei, a novice DgTm (D:5)
  2 gargoyles (D:12)
  2 komodo dragons (D:10)
  3 trolls
  6 slime creatures (D:13)
  Prince Ribbit (D:9)
  2 shadows
  A spriggan (D:11)
  2 wraiths (D:11)
  5 yaks
  Eustachio (D:4)
  A basilisk (D:12)
  2 wyverns
  2 vampire mosquitoes (D:12)
  11 orc warriors
  A water moccasin (D:6)
  A hornet zombie (D:9)
  An ogre (D:3)
  A black bear (D:4)
  2 ice beasts
  6 necrophages
  13 centaurs
  2 bullfrogs
  A gnoll sergeant (D:7)
  A wyvern zombie (D:5)
  17 killer bees
  7 wights
  A bullfrog zombie (D:5)
  4 jellies
  2 quasits (D:5)
  10 orc priests
  A gnoll shaman (D:7)
  Crazy Yiuf (D:7)
  5 orc wizards
  A worker ant (D:7)
  9 gnolls
  2 howler monkey zombies
  6 adders
  A white imp (D:6)
  2 ufetubi
  7 dart slugs
  59 orcs
  9 ball pythons
  4 endoplasms
  A giant cockroach (D:2)
  4 goblins
  4 hobgoblins
  2 jackals (D:3)
  6 quokkas
  4 bats
  A frilled lizard (D:3)
  2 kobolds
  8 rats
  3 bushes (D:10)
264 creatures vanquished.

Vanquished Creatures (collateral kills)
  An endoplasm (D:3)
  2 foxfires (D:10)
3 creatures vanquished.

Vanquished Creatures (others)
  2 bushes (D:10)
  322 foxfires
  3 fungi (D:7)
  48 plants
375 creatures vanquished.

Grand Total: 642 creatures vanquished

Notes
Turn   | Place    | Note
-------+----------+-------------------------------------------
     0 | D:1      | wakim the Djinni Fire Elementalist began the quest for the
                  | Orb.
     0 | D:1      | Reached XP level 1. HP: 15/15 MP: 0/0
   321 | D:1      | Reached XP level 2. HP: 21/22 MP: 0/0
   988 | D:1      | Reached skill level 3 in Spellcasting
  1465 | D:2      | Reached XP level 3. HP: 21/26 MP: 0/0
  1465 | D:2      | Learned a level 1 spell: Corona
  1554 | D:2      | Reached skill level 1 in Fighting
  3125 | D:3      | Found a hide-covered altar of Uskayaw.
  3125 | D:3      | Found an opulent altar of Gozag.
  3368 | D:3      | Reached XP level 4. HP: 21/32 MP: 0/0
  3618 | D:3      | Found a shimmering altar of Xom.
  4254 | D:3      | Noticed an ogre
  4258 | D:3      | Killed an ogre
  4259 | D:3      | Reached skill level 4 in Spellcasting
  4259 | D:3      | Reached XP level 5. HP: 30/37 MP: 0/0
  4259 | D:3      | Learned a level 2 spell: Swiftness
  4783 | D:4      | Found a glowing golden altar of the Shining One.
  4855 | D:4      | Noticed a black bear
  4859 | D:4      | Killed a black bear
  4860 | D:4      | Reached XP level 6. HP: 36/42 MP: 0/0
  5320 | D:4      | Noticed Eustachio
  5333 | D:4      | Killed Eustachio
  5334 | D:4      | Reached skill level 5 in Spellcasting
  5346 | D:4      | Reached XP level 7. HP: 18/47 MP: 0/0
  5346 | D:4      | Learned a level 2 spell: Blink
  6248 | D:5      | Entered Level 5 of the Dungeon
  6267 | D:5      | Found a transporter.
  6271 | D:5      | Noticed feelmyfire's ghost (novice DgTm)
  6289 | D:5      | Found a transporter.
  6909 | D:5      | Reached skill level 5 in Dodging
  7489 | D:5      | Found a staircase to the Ecumenical Temple.
  7558 | D:5      | Reached skill level 6 in Spellcasting
  7817 | Temple   | Entered the Ecumenical Temple
  7842 | Temple   | Became a worshipper of Makhleb the Destroyer
  8042 | D:6      | Identified the +3 leather armour of the Pleiades {Str+5
                  | Slay-4}
  8301 | D:6      | Reached XP level 8. HP: 26/53 MP: 0/0
  8548 | D:6      | Reached skill level 1 in Invocations
  8959 | D:6      | Noticed a troll
  8965 | D:6      | Killed a troll
  9105 | D:6      | Noticed a yak
  9119 | D:6      | Killed a yak
  9120 | D:6      | Reached skill level 7 in Spellcasting
  9264 | D:6      | Reached * piety under Makhleb
  9934 | D:7      | Reached XP level 9. HP: 41/58 MP: 0/0
  9934 | D:7      | Learned a level 4 spell: Olgreb's Toxic Radiance
 10119 | D:7      | Reached skill level 8 in Spellcasting
 10436 | D:7      | Identified a scroll of acquirement
 10436 | D:7      | Acquired a +0 fustibalus of freezing
 10579 | D:7      | Found a sparkling altar of Nemelex Xobeh.
 11110 | D:7      | Found a runed translucent door.
 11111 | D:7      | Noticed Crazy Yiuf
 11121 | D:7      | Killed Crazy Yiuf
 11986 | D:8      | Found a shimmering altar of Xom.
 11989 | D:8      | Identified the +7 trident of Mytsyvy {vorpal, Will+ Dex+3}
 12573 | D:9      | Reached skill level 9 in Spellcasting
 12585 | D:9      | Reached ** piety under Makhleb
 12586 | D:9      | Reached XP level 10. HP: 31/67 MP: 0/0
 12920 | D:9      | Noticed Harold
 12937 | D:9      | Killed Harold
 12972 | D:9      | Noticed Prince Ribbit
 12976 | D:9      | Killed Prince Ribbit
 13190 | D:9      | Found a white marble altar of Elyvilon.
 13191 | D:9      | Found a glowing silver altar of Zin.
 13680 | D:10     | Entered Level 10 of the Dungeon
 13923 | D:10     | Noticed a two-headed ogre
 13930 | D:10     | Killed a two-headed ogre
 13931 | D:10     | Reached skill level 5 in Fighting
 13931 | D:10     | Reached skill level 10 in Spellcasting
 14200 | D:10     | Reached skill level 5 in Invocations
 14300 | D:10     | Found a runed translucent gate.
 14300 | D:10     | Found a runed translucent gate.
 14302 | D:10     | Found a runed translucent gate.
 14305 | D:10     | Noticed Gonzollydolly's ghost (journeyman KoDe)
 14470 | D:10     | Found a staircase to the Lair.
 14731 | D:10     | Reached XP level 11. HP: 71/76 MP: 0/0
 14731 | D:10     | Learned a level 4 spell: Manifold Assault
 14769 | D:10     | Found a blossoming altar of Fedhas.
 15221 | D:5      | Killed feelmyfire's ghost
 15799 | D:11     | Reached *** piety under Makhleb
 15992 | D:11     | Noticed a two-headed ogre
 15998 | D:11     | Killed a two-headed ogre
 16151 | D:11     | Noticed a boulder beetle
 16162 | D:11     | Killed a boulder beetle
 16523 | D:12     | Identified the +8 war axe "Biz Beni" {freeze, Int+4}
 16551 | D:12     | Reached skill level 11 in Spellcasting
 16864 | D:12     | Noticed a two-headed ogre
 16871 | D:12     | Killed a two-headed ogre
 17077 | D:12     | Noticed a cyclops
 17086 | D:12     | Killed a cyclops
 17416 | D:12     | Reached XP level 12. HP: 71/85 MP: 0/0
 17632 | D:12     | Reached **** piety under Makhleb
 17633 | D:12     | Reached skill level 1 in Armour
 17755 | D:12     | Found a staircase to the Orcish Mines.
 18350 | D:13     | Noticed a centaur warrior
 18354 | D:13     | Killed a centaur warrior
 18404 | D:13     | Noticed a centaur warrior
 18411 | D:13     | HP: 4/85 [centaur warrior/arrow (22)]
 18412 | D:13     | Shot with an arrow by a centaur warrior

Illustrated notes

Levels and vault maps discovered:
D:1:      dpeg_arrival_pits, layout_loops_corners
D:2:      layout_basic
D:3:      layout_basic, gammafunk_temple_overflow_forgotten,
          nicolae_overflow_hidden_temple
D:4:      layout_loops_ring, nicolae_tso_swordbearing_angel, chequers_big_river,
          uniq_eustachio
D:5:      layout_cave_pods, minmay_temple_entry_sparse_star,
          gammafunk_ghost_stat_death
D:6:      layout_loops_ring, hangedman_minor_gate_pass
D:7:      layout_basic, nemelex_altar_shiori, uniq_crazy_yiuf_cottage
D:8:      layout_loops_corners, xom_teletrap_fun
D:9:      layout_small_grid, gammafunk_temple_overflow_statue,
          uniq_prince_ribbit1, uniq_harold
D:10:     layout_loops_ring, david_lair_shrubbed, ebering_ghost_rock_garden,
          fedhas_altar_decomposition
D:11:     layout_small_grid, the_bakery
D:12:     layout_long_grid, david_orc_5, hangedman_decor_opposing
D:13:     layout_gridville, david_vaults_1
Temple:   cyrus_circular_temple

Skill      XL: |  1  2  3  4  5  6  7  8  9 10 11 12 |
---------------+-------------------------------------+-----
Spellcasting   | 3 4 5 6 7 9 10 11 | 11.7
Fighting       | 1 2 3 5 7 |  7.6
Stealth        | 2 3 |  3.8
Dodging        | 3 4 5 6 8 9 |  9.3
Invocations    | 1 3 5 6 |  6.0
Shields        | 4 |  4.0
Armour         | 2 |  2.2
Slings         | |  0.2

Action                   |  1- 3 |  4- 6 |  7- 9 | 10-12 || total
-------------------------+-------+-------+-------+-------++-------
Melee: Dagger            |     2 |       |       |       ||     2
       Spear             |     5 |       |     4 |       ||     9
       Whip              |       |       |     5 |       ||     5
       Trident           |       |       |       |    25 ||    25
 Fire: Hunting sling     |       |    16 |    71 |       ||    87
       Fustibalus        |       |       |     8 |    11 ||    19
 Cast: Foxfire           |    92 |    43 |    52 |    14 ||   201
       Conjure Flame     |     4 |       |       |     1 ||     5
       Inner Flame       |       |    14 |    69 |    72 ||   155
       Corona            |       |     1 |     2 |       ||     3
       Sticky Flame      |       |       |     5 |    11 ||    16
       Swiftness         |       |       |     2 |       ||     2
       Fireball          |       |       |     3 |     1 ||     4
       Blink             |       |       |     1 |     4 ||     5
       Olgreb's Toxic Ra |       |       |    11 |    56 ||    67
       Manifold Assault  |       |       |       |     3 ||     3
Invok: Lesser Servant of |       |       |       |     1 ||     1
  Use: Scroll            |     8 |     3 |    10 |     1 ||    22
       Potion            |       |       |       |     1 ||     1
Armor: Robe              |     3 |       |     5 |       ||     8
       Leather armour    |       |       |     3 |    12 ||    15
Dodge: Dodged            |    17 |     6 |    67 |    72 ||   162
Block: Buckler           |       |       |     6 |    22 ||    28

Table legend: (Time is in decaauts)
 A = Elapsed time spent in this place.
 B = Non-inter-level travel time spent in this place.
 C = Inter-level travel time spent in this place.
 D = Time resting spent in this place.
 E = Time spent auto-exploring this place.
 F = Levels seen in this place.
 G = Mean time per level.
                   A        B        C        D        E       F      G
               +--------+--------+--------+--------+--------+-----+--------+
         Total |  18432 |  17769 |    663 |    144 |  15399 |  14 | 1316.6 |
       Dungeon |  18384 |  17721 |    663 |    144 |  15376 |  13 | 1414.2 |
        Temple |     48 |     48 |      0 |      0 |     23 |   1 |   48.0 |
               +--------+--------+--------+--------+--------+-----+--------+

Top non-repeatable levels by time:
     D:4: 2008 daAuts
     D:3: 1963 daAuts
     D:6: 1917 daAuts
    D:12: 1790 daAuts
     D:2: 1493 daAuts
     D:5: 1489 daAuts
    D:10: 1468 daAuts
     D:8: 1372 daAuts
     D:7: 1333 daAuts
     D:1: 1275 daAuts
     D:9: 1171 daAuts
    D:11: 832 daAuts
    D:13: 268 daAuts
  Temple: 48 daAuts
